 Dungeon Crawl Stone Soup version 0.24.0-123-gd5b16e6ec5 (webtiles) character file.

Game seed: 9998072071866522495, levelgen mode: deterministic

28522 ploer the Blocker (level 13, -32/114 HPs)
             Began as a Demonspawn Abyssal Knight on Jan 26, 2020.
             Was the Champion of Lugonu.
             Annihilated by a titanic slime creature (98 damage)
             ... on level 14 of the Dungeon.
             The game lasted 01:15:59 (14088 turns).

ploer the Blocker (Demonspawn Abyssal Knight)      Turns: 14088, Time: 01:16:01

Health: -32/114    AC: 18    Str: 16    XL:     13   Next: 10%
Magic:  15/15      EV:  8    Int: 15    God:    Lugonu [******]
Gold:   485        SH: 21    Dex: 30    Spells: 11/12 levels left

rFire    + . .     SeeInvis .   o - +10 falchion "Firon" {flame, rF++ Dex+4}
rCold    + + +     Gourm    .   i - +2 large shield
rNeg     + . .     Faith    .   Z - +0 ice dragon scales of Summertime {rElec rF- rC++ MR+ Dex+9}
rPois    +         Spirit   .   (no helmet)
rElec    +         Reflect  .   v - +0 cloak
rCorr    +         Harm     .   w - +0 pair of gloves
MR       +....                  (boots unavailable)
Stlth    +.........             D - amulet of regeneration
HPRegen  0.69/turn              S - ring of Starshine {rC++ rCorr Dex+4}
MPRegen  0.14/turn              u - ring of poison resistance

@: no status effects
A: hooves 3, molten scales 2, negative energy resistance 1, sense surroundings
2, robust 1, spiny 1
a: Depart the Abyss, Bend Space, Banish, Corrupt, Enter the Abyss, Brand Weapon
With Distortion, Renounce Religion


You were on level 14 of the Dungeon.
You worshipped Lugonu.
Lugonu was exalted by your worship.
You were not hungry.

You visited 1 branch of the dungeon, and saw 14 of its levels.
You visited the Abyss 1 time.
You also visited: Ice Cave.

You collected 914 gold pieces.
You spent 429 gold pieces at shops.

Inventory:

Hand Weapons
 n - the +10 short sword of the Orcish Mines {pierce, rN+, unknown}
   (You found it in an ice cave)

   It inflicts extra damage upon your enemies.
   It protects you from negative energy.
 o - the +10 falchion "Firon" (weapon) {flame, rF++ Dex+4}
   (You found it on level 8 of the Dungeon)

   It has been specially enchanted to burn those struck by it, causing extra
   injury to most foes and up to half again as much damage against particularly
   susceptible opponents.
   Big, fiery blades are also staple armaments of hydra-hunters.
   It affects your dexterity (+4).
   It greatly protects you from fire.
 F - the +1 spear of the Toadstool {elec, +Blink Str+4 Int+4}
   (You found it on level 5 of the Dungeon)

   Occasionally, upon striking a foe, it will discharge some electrical energy
   and cause terrible harm.
   It affects your strength (+4).
   It affects your intelligence (+4).
   It lets you blink.
 L - a +3 arbalest
Missiles
 e - 34 bolts
 g - 37 poisoned darts (quivered)
 N - 9 boomerangs
 W - 6 javelins
Armour
 i - a +2 large shield (worn)
 j - the +7 chain mail of Heresy {rPois rCorr Str+6 Dex+2, unknown}
   (You bought it in a shop on level 13 of the Dungeon)

   It affects your strength (+6).
   It affects your dexterity (+2).
   It protects you from poison.
   It provides partial protection from all sources of acid and corrosion.
 v - a +0 cloak (worn)
 w - a +0 pair of gloves (worn)
 Z - the +0 ice dragon scales of Summertime (worn) {rElec rF- rC++ MR+ Dex+9}
   (You found it in an ice cave)

   It affects your dexterity (+9).
   It makes you vulnerable to fire.
   It greatly protects you from cold.
   It insulates you from electricity.
   It affects your resistance to hostile enchantments.
Jewellery
 m - an uncursed amulet of guardian spirit
 p - an uncursed amulet of harm
 u - a ring of poison resistance (right hand)
 D - an amulet of regeneration (around neck)
 H - an uncursed ring of flight
 S - the ring of Starshine (left hand) {rC++ rCorr Dex+4}
   (You found it on level 11 of the Dungeon)

   [ring of resist corrosion]

   It affects your dexterity (+4).
   It greatly protects you from cold.
   It provides partial protection from all sources of acid and corrosion.
Wands
 d - a wand of flame (13)
 h - a wand of digging (7)
 E - a wand of paralysis (10)
Scrolls
 l - 3 scrolls of fear
 r - 11 scrolls of teleportation
 s - 2 scrolls of amnesia
 x - a scroll of magic mapping
 B - 4 scrolls of fog
 J - 6 scrolls of remove curse
 T - 2 scrolls of blinking
 Y - a scroll of summoning {unknown}
Potions
 a - a potion of agility
 b - 4 potions of flight
 f - a potion of might
 k - a potion of heal wounds
 z - 2 potions of curing
 V - 2 potions of brilliance
Miscellaneous
 X - a fan of gales
Comestibles
 c - 24 rations


   Skills:
 + Level 10.3 Fighting
 - Level 3.1(4.7) Short Blades
 + Level 5.4(5.8) Long Blades
   Level 2.3 Maces & Flails
 - Level 6.2 Polearms
 + Level 9.0 Armour
 - Level 1.9 Dodging
 - Level 0.7 Stealth
 * Level 12.1 Shields
 - Level 5.0 Charms
 - Level 2.7 Invocations


You had 11 spell levels left.
You knew the following spells:

 Your Spells              Type           Power        Failure   Level  Hunger
a - Infusion              Chrm           ###.         56%         1    ##.....

Your spell library contained the following spells:

 Spells                   Type           Power        Failure   Level  Hunger
 Song of Slaying          Chrm           ###.....     71%         2    ###....
 Shroud of Golubria       Chrm/Tloc      #.....       96%         2    ###....
 Swiftness                Chrm/Air       #.......     96%         2    ###....
 Freeze                   Ice            #...         99%         1    ##.....
 Shock                    Conj/Air       #...         99%         1    ##.....
 Ozocubu's Armour         Chrm/Ice       #.......     99%         3    ####...
 Regeneration             Chrm/Necr      #.........   99%         3    ####...
 Spectral Weapon          Hex/Chrm       #.......     99%         3    ####...
 Poisonous Vapours        Pois/Air       #.....       100%        2    ###....
 Throw Frost              Conj/Ice       #.....       100%        2    ###....
 Conjure Flame            Conj/Fire      #.......     100%        3    ####...
 Mephitic Cloud           Conj/Pois/Air  #.......     100%        3    ####...
 Static Discharge         Conj/Air       #.......     100%        3    ####...
 Airstrike                Air            #.........   100%        4    #####..
 Summon Ice Beast         Ice/Summ       #.......     100%        4    #####..
 Throw Icicle             Conj/Ice       #.......     100%        4    #####..
 Lightning Bolt           Conj/Air       #.........   100%        5    ######.
 Freezing Cloud           Conj/Ice/Air   #.........   100%        6    #######
 Ring of Flames           Chrm/Fire      #.........   100%        7    #######


Dungeon Overview and Level Annotations

Branches:
Dungeon (14/15)            Temple (0/1) D:5            Lair (0/6) D:10
    Orc (0/2) D:9          Vaults (0/5) D:13          IceCv (visited)

Altars:
Cheibriados
Elyvilon
Fedhas
Gozag
Hepliaklqana
Makhleb
Qazlal
Uskayaw
Vehumet
Wu Jian
Xom
Yredelemnul
The Shining One

Shops:
D:7 (   D:11 *   D:13 [


Innate Abilities, Weirdness & Mutations

You have hooves in place of feet.
You are mostly covered in molten scales. (AC +3)
You resist negative energy. (rN+)
You are partially covered in sharp spines.
You passively map the area around you.
You are robust. (+10% HP)


Message History

You kick the titanic slime creature!
The titanic slime creature is almost dead.
You block the titanic slime creature's attack.
You slash the titanic slime creature! You burn the titanic slime creature.
You kick the titanic slime creature, but do no damage.
The titanic slime creature is almost dead.
The titanic slime creature is struck by your spines.
The titanic slime creature hits you!!!
You block the titanic slime creature's attack.
You hit the titanic slime creature. You burn the titanic slime creature.
You kick the titanic slime creature, but do no damage.
The titanic slime creature is almost dead.
You block the titanic slime creature's attack.
You slash the titanic slime creature! You burn the titanic slime creature.
You kick the titanic slime creature!
The titanic slime creature is almost dead.
The titanic slime creature is struck by your spines.
The titanic slime creature hits you!!!!
Ouch! That really hurt!
You die...

, *.#.#### ,, ,..,,...... ..
,, , , ...... * * #. ** , ,
...... ,,, #.## , ...... , ,
, ... , , ...... * ** #
,*#.. , ...... #.!##.. ****
###### ,
,.......################## ,
,,,......JJ@................
* #########################


You could see a titanic slime creature and a slime creature.

Vanquished Creatures
  2 entropy weavers (D:13)
  A two-headed ogre (D:12)
  2 dancing weapons (D:13)
  A queen ant (D:13)
  4 unseen horrors (D:12)
  A deep elf mage (D:14)
  7 ugly things
  A cyclops (D:12)
  A gargoyle (D:14)
  2 guardian serpents (D:10)
  3 ice statues (IceCv)
  A freezing wraith (D:13)
  4 trolls
  5 slime creatures (D:13)
  3 hippogriffs
  A meliai zombie (D:13)
  A shadow (D:14)
  Sigmund (D:5)
  11 yaks
  3 vampires (D:12)
  A wyvern (D:12)
  Eustachio (D:6)
  7 vampire mosquitoes
  A basilisk (D:10)
  2 hungry ghosts
  A steam dragon (D:9)
  Menkaure (D:6)
  2 water moccasins
  9 soldier ants
  2 porcupines (D:10)
  5 sky beasts
  5 orc warriors
  10 ice beasts
  2 black bears
  6 phantoms
  6 ogres
  5 centaurs
  4 crocodiles
  14 bullfrogs
  2 big kobolds
  3 scorpions
  14 wights
  5 howler monkeys
  4 centaur zombies
  8 crimson imps
  3 bullfrog zombies
  2 quasits (D:7)
  5 hounds
  7 jellies
  7 orc priests
  Crazy Yiuf (D:6)
  3 bullfrog skeletons
  6 iguanas
  6 orc wizards
  26 worker ants
  A worker ant zombie (D:6)
  3 gnolls (D:7)
  A howler monkey skeleton (D:10)
  8 adders
  3 shadow imps
  5 oozes (D:8)
  An adder skeleton (D:4)
  2 worms
  A dart slug (D:1)
  11 leopard geckos
  27 orcs
  2 ball pythons
  10 bats
  2 giant cockroaches
  5 goblins
  10 hobgoblins
  14 jackals
  9 quokkas
  A ball python zombie (D:5)
  2 frilled lizards
  A goblin skeleton (D:4)
  A goblin zombie (D:4)
  23 kobolds
  A kobold skeleton (D:4)
  A kobold zombie (D:4)
  A leopard gecko skeleton (D:7)
  4 orc skeletons (D:4)
  An orc zombie (D:4)
  A quokka skeleton (D:9)
  7 rats
400 creatures vanquished.

Vanquished Creatures (others)
  3 bushes (D:10)
  7 fungi (D:10)
  21 plants (D:10)
31 creatures vanquished.

Grand Total: 431 creatures vanquished

Notes
Turn   | Place    | Note
-------+----------+-------------------------------------------
     0 | Abyss:1  | ploer the Demonspawn Abyssal Knight began the quest for the
                  | Orb.
     0 | Abyss:1  | Reached XP level 1. HP: 18/18 MP: 2/2
    40 | Abyss:1  | Noticed an orange demon
    41 | Abyss:1  | Noticed a rust devil
    47 | Abyss:1  | Noticed a kobold demonologist
    48 | D:1      | Escaped the Abyss
   284 | D:1      | Reached * piety under Lugonu
   286 | D:1      | Gained mutation: You are partially covered in molten
                  | scales. (AC +2) [demonic ancestry]
   286 | D:1      | Reached XP level 2. HP: 24/24 MP: 3/3
   999 | D:2      | Reached XP level 3. HP: 8/30 MP: 5/5
  1465 | D:2      | Reached skill level 1 in Dodging
  1538 | D:2      | Found an opulent altar of Gozag.
  1666 | D:2      | Found a glowing golden altar of the Shining One.
  1705 | D:2      | Reached ** piety under Lugonu
  1899 | D:2      | Found a burning altar of Makhleb.
  1899 | D:2      | Found a shimmering altar of Xom.
  1946 | D:2      | Found a radiant altar of Vehumet.
  1948 | D:2      | Found an ornate altar of the Wu Jian Council.
  1950 | D:2      | Found a white marble altar of Elyvilon.
  2007 | D:2      | Found a basalt altar of Yredelemnul.
  2009 | D:2      | Noticed a profane servitor
  2017 | D:2      | Noticed an angel
  2093 | D:3      | Gained mutation: You are mostly covered in molten scales.
                  | (AC +3) [demonic ancestry]
  2093 | D:3      | Reached XP level 4. HP: 32/37 MP: 6/6
  2192 | D:3      | Reached skill level 1 in Shields
  3160 | D:4      | Reached skill level 1 in Short Blades
  3160 | D:4      | Gained mutation: You have large cloven feet. [demonic
                  | ancestry]
  3160 | D:4      | Reached XP level 5. HP: 28/42 MP: 7/7
  3206 | D:4      | Noticed an ogre
  3289 | D:4      | Killed an ogre
  3289 | D:4      | Reached skill level 2 in Shields
  3289 | D:4      | Reached XP level 6. HP: 24/48 MP: 8/8
  3632 | D:4      | Found a hazy altar of Hepliaklqana.
  3862 | D:4      | Found a glowing golden altar of the Shining One.
  4190 | D:5      | Entered Level 5 of the Dungeon
  4198 | D:5      | Noticed Sigmund
  4226 | D:5      | Killed Sigmund
  4241 | D:5      | Found a staircase to the Ecumenical Temple.
  4272 | D:5      | Reached skill level 3 in Shields
  4335 | D:5      | Reached XP level 7. HP: 36/55 MP: 5/9
  4510 | D:5      | Gained mutation: Your body sometimes deteriorates upon
                  | taking damage. [potion of mutation]
  4510 | D:5      | Gained mutation: You tend to lose your temper in combat.
                  | [potion of mutation]
  4510 | D:5      | Gained mutation: Your mind is acute. (Int +2) [potion of
                  | mutation]
  4511 | D:5      | Lost mutation: Your body sometimes deteriorates upon taking
                  | damage. [potion of mutation]
  4511 | D:5      | Lost mutation: Your mind is acute. (Int +2) [potion of
                  | mutation]
  4511 | D:5      | Lost mutation: You tend to lose your temper in combat.
                  | [potion of mutation]
  4511 | D:5      | Gained mutation: You passively map a small area around you.
                  | [potion of mutation]
  4511 | D:5      | Gained mutation: You are robust. (+10% HP) [potion of
                  | mutation]
  4511 | D:5      | Gained mutation: You passively map the area around you.
                  | [potion of mutation]
  4583 | D:5      | Found a hide-covered altar of Uskayaw.
  4670 | D:5      | Reached *** piety under Lugonu
  4670 | D:5      | Reached skill level 5 in Fighting
  4807 | D:5      | Reached skill level 4 in Shields
  4823 | D:5      | Got a polished spear
  4824 | D:5      | Identified the cursed +1 spear of the Toadstool {elec,
                  | +Blink Str+4 Int+4} (You found it on level 5 of the
                  | Dungeon)
  5017 | D:6      | Noticed Eustachio
  5036 | D:6      | Killed Eustachio
  5036 | D:6      | Reached XP level 8. HP: 63/68 MP: 8/10
  5186 | D:6      | Reached skill level 1 in Polearms
  5215 | D:6      | Reached skill level 5 in Shields
  5429 | D:6      | Noticed Menkaure
  5441 | D:6      | Killed Menkaure
  5718 | D:6      | Found a runed translucent door.
  5719 | D:6      | Noticed Crazy Yiuf
  5724 | D:6      | Killed Crazy Yiuf
  5808 | D:6      | Reached skill level 6 in Shields
  6039 | D:6      | Found a snail-covered altar of Cheibriados.
  6114 | D:7      | Noticed a hippogriff
  6128 | D:7      | Killed a hippogriff
  6128 | D:7      | Gained mutation: You have hoof-like feet. [demonic
                  | ancestry]
  6128 | D:7      | Reached XP level 9. HP: 50/75 MP: 6/11
  6238 | D:7      | Reached skill level 5 in Armour
  6398 | D:7      | Reached **** piety under Lugonu
  6584 | D:7      | Found Jyreqagh's Weapon Boutique.
  6592 | D:7      | Bought a +0 arbalest for 54 gold pieces
  6776 | D:8      | Reached skill level 7 in Shields
  7182 | D:8      | Got a blackened falchion
  7501 | D:9      | Gained mutation: You have hooves in place of feet. [demonic
                  | ancestry]
  7501 | D:9      | Reached XP level 10. HP: 69/86 MP: 12/12
  7523 | D:9      | Reached skill level 8 in Shields
  7581 | D:9      | Learned a level 1 spell: Infusion
  7664 | D:9      | Found a staircase to the Orcish Mines.
  7727 | D:9      | Found a blossoming altar of Fedhas.
  8183 | D:10     | Entered Level 10 of the Dungeon
  8189 | D:10     | Noticed a white ugly thing
  8192 | D:10     | Reached skill level 1 in Charms
  8204 | D:10     | Killed a white ugly thing
  8470 | D:10     | Reached skill level 5 in Polearms
  8535 | D:10     | Found a burning altar of Makhleb.
  8590 | D:10     | Noticed a guardian serpent
  8616 | D:10     | Killed a guardian serpent
  8802 | D:10     | Reached skill level 9 in Shields
  8924 | D:10     | Reached ***** piety under Lugonu
  8997 | D:10     | Gained mutation: You are partially covered in sharp spines.
                  | [demonic ancestry]
  8997 | D:10     | Reached XP level 11. HP: 41/94 MP: 7/13
  9267 | D:10     | Found a staircase to the Lair.
  9700 | D:11     | Identified the +10 falchion "Firon" {flame, rF++ Dex+4}
                  | (You found it on level 8 of the Dungeon)
  9734 | D:11     | Found Ybrourch's Assorted Antiques.
  9740 | D:11     | Bought 2 scrolls labeled YKHEMU WUATHOF for 48 gold pieces
  9740 | D:11     | Bought a bubbling coppery potion for 21 gold pieces
  9740 | D:11     | Bought a ruby potion for 21 gold pieces
  9755 | D:11     | Got a twitching jade ring
 10370 | D:12     | Found a frozen archway.
 10639 | IceCv    | Entered an ice cave
 10647 | IceCv    | Reached skill level 1 in Long Blades
 10674 | IceCv    | Noticed a white ugly thing
 10682 | IceCv    | Killed a white ugly thing
 10917 | IceCv    | Identified the ring of Starshine {rC++ rCorr Dex+4} (You
                  | found it on level 11 of the Dungeon)
 10964 | IceCv    | Noticed a white ugly thing
 11264 | IceCv    | Reached skill level 10 in Shields
 11269 | IceCv    | Killed a white ugly thing
 11279 | IceCv    | Got a smoking short sword
 11285 | IceCv    | Got crude ice dragon scales
 11299 | IceCv    | Identified the cursed +0 ice dragon scales of Summertime
                  | {rElec rF- rC++ MR+ Dex+9} (You found it in an ice cave)
 11605 | D:12     | Killed an unseen horror
 11639 | D:12     | Killed an unseen horror
 11651 | D:12     | Killed an unseen horror
 11651 | D:12     | Gained mutation: You resist negative energy. (rN+) [demonic
                  | ancestry]
 11651 | D:12     | Reached XP level 12. HP: 19/104 MP: 6/14
 11668 | D:12     | Reached ****** piety under Lugonu
 12069 | D:12     | Noticed a two-headed ogre
 12076 | D:12     | Killed a two-headed ogre
 12379 | D:13     | Reached skill level 5 in Charms
 12510 | D:13     | Found Wugrul's Antique Armour Shop.
 12513 | D:13     | Bought a steaming chain mail for 285 gold pieces
 12548 | D:13     | Found a gate to the Vaults.
 12560 | D:13     | Reached skill level 11 in Shields
 12721 | D:13     | Noticed an entropy weaver
 12722 | D:13     | Noticed an entropy weaver
 12722 | D:13     | Noticed a queen ant
 12754 | D:13     | Killed a queen ant
 12784 | D:13     | Killed an entropy weaver
 12792 | D:13     | HP: 4/106 [entropy weaver (10)]
 13296 | D:13     | Killed an entropy weaver
 13296 | D:13     | Reached skill level 10 in Fighting
 13625 | D:14     | Reached skill level 5 in Long Blades
 13860 | D:14     | Reached skill level 12 in Shields
 13945 | D:14     | Reached XP level 13. HP: 113/113 MP: 15/15
 14009 | D:14     | Found a stormy altar of Qazlal.
 14088 | D:14     | Annihilated by a titanic slime creature

Levels and vault maps discovered:
D:1:      dpeg_arrival_rooms_b, layout_basic
D:2:      layout_loops_cross, grunt_temple_overflow_holy_war,
          chequers_temple_overflow_minitemple, minmay_hedge_maze, st_stairs_10,
          nicolae_gozag_seed_capital
D:3:      layout_loops_ring, kennysheep_crisscross
D:4:      layout_basic, lemuel_doored_altar, first_ration, minivault_27,
          nicolae_tso_besieged_by_evil
D:5:      layout_rooms, eat_drink_and_be_merry_uskayaw,
          minmay_temple_entry_trees, uniq_sigmund
D:6:      layout_loops_ring, cheibrodos_worm_habitat, uniq_menkaure,
          uniq_eustachio, uniq_crazy_yiuf_cottage
D:7:      layout_rooms, serial_shops, shop
D:8:      layout_cave_pools, hangedman_little_slice_of_home
D:9:      layout_cave_pods, nicolae_overflow_crystal_walls, orc_0_dummy,
          corner_web_ring
D:10:     nrook_guardian_serpent_snake_passage, layout_rooms,
          minmay_lair_entry_grove, kennysheep_pointless_box, bloody_makhleb
D:11:     layout_gridville, serial_shops, shop_fountains, serial_park_tiny_1
D:12:     layout_roguey, portal_ice_cave_entry_pillars_1, hangedman_batty
D:13:     layout_roguey, erik_vaults_1, serial_shops, nicolae_shop_behind_doors,
          minmay_another_anthill
D:14:     layout_long_grid, hangedman_abyss_or_decor_passed,
          nicolae_qazlal_eye_of_the_storm

Skill      XL: |  1  2  3  4  5  6  7  8  9 10 11 12 13 |
---------------+----------------------------------------+-----
Maces & Flails | 2 |  2.3
Armour         | 2 3 4 5 6 7 8 9 |  9.0
Dodging        | 1 |  1.9
Shields        | 1 2 3 4 6 7 9 10 12 | 12.1
Fighting       | 4 5 6 7 8 9 10 | 10.3
Short Blades   | 1 2 3 |  3.1
Polearms       | 3 4 5 6 |  6.2
Charms         | 2 4 5 |  5.0
Long Blades    | 3 5 |  5.4
Stealth        | |  0.7
Invocations    | |  2.7

Action                   |  1- 3 |  4- 6 |  7- 9 | 10-12 | 13-15 || total
-------------------------+-------+-------+-------+-------+-------++-------
Melee: Mace              |   102 |     9 |       |       |       ||   111
       Dagger            |    46 |   307 |   150 |       |       ||   503
       Kick              |       |    42 |   138 |   372 |    37 ||   589
       Spear             |       |       |   394 |   360 |       ||   754
       Falchion          |       |       |       |   546 |    49 ||   595
Throw: Dart              |       |       |     8 |       |       ||     8
Invok: Depart the Abyss  |     1 |       |       |       |       ||     1
       Bend Space        |       |       |       |     1 |       ||     1
  Use: Scroll            |     7 |     2 |    14 |    16 |       ||    39
       Potion            |     1 |     1 |     2 |    16 |       ||    20
  Eat: Chunk             |     2 |     3 |    12 |     3 |       ||    20
       Ration            |       |     2 |     1 |     7 |       ||    10
Armor: Leather armour    |    49 |    50 |       |       |       ||    99
       Chain mail        |       |    97 |   138 |       |       ||   235
       Ring mail         |       |     9 |       |       |       ||     9
       Plate armour      |       |       |   113 |   268 |       ||   381
       Ice dragon scales |       |       |       |   158 |    11 ||   169
Dodge: Dodged            |    51 |    32 |    34 |   108 |     6 ||   231
Block: Large shield      |    60 |   170 |   321 |   780 |    46 ||  1377
       Rpst.: Falchion   |       |       |       |    21 |     3 ||    24
